 Dungeon Crawl Stone Soup version 0.18.1-50-g88ac8fd (webtiles) character file.

5064 Vatticson the Basher (level 10, -5/135 HPs)
             Began as a Minotaur Berserker on Oct 13, 2016.
             Was an Elder of Trog.
             Slain by an ettin
             ... wielding a +0 dire flail
              (22 damage)
             ... on level 9 of the Dungeon.
             The game lasted 00:44:55 (8164 turns).

Vatticson the Basher (Minotaur Berserker)           Turns: 8164, Time: 00:44:56

Health: -5/135     AC: 13    Str: 27    XL:     10   Next: 31%
Magic:  9/9        EV:  8    Int: 11    God:    Trog [****..]
Gold:   552        SH:  0    Dex: 14    Spells: 0 memorised, 9 levels left

rFire  x . .     SeeInvis +     k - +2 flail
rCold  + . .     Gourm    .     x - +0 plate armour of Exclusion {Dex+3}
rNeg   . . .     Faith    .     (no shield)
rPois  +         Spirit   .     (helmet restricted)
rElec  .         Dismiss  .     (no cloak)
rCorr  .         Reflect  .     (no gloves)
SustAt .         Harm     .     (no boots)
MR     ++++.                    (no amulet)
Stlth  ..........               I - ring of the Mage {Wiz MR++ Int+3}
                                H - ring "Amouchof" {Ice *Contam rPois Int+4 SInv}

@: berserking, very slightly contaminated, regenerating, hasted, very quick,
incredibly resistant to hostile enchantments, extremely unstealthy
A: retaliatory headbutt, horns 2, weak 1
a: Berserk, Trog's Hand, Brothers in Arms, Burn Spellbooks, Renounce Religion


You were on level 9 of the Dungeon.
You worshipped Trog.
Trog was greatly pleased with you.
You were hungry.

You visited 1 branch of the dungeon, and saw 9 of its levels.
You also visited: Ossuary.

You collected 552 gold pieces.

Inventory:

Hand Weapons
 k - a +2 flail (weapon)
 y - a +0 shortbow
Missiles
 g - 142 arrows
 o - 162 stones (quivered)
Armour
 b - a +0 animal skin
 d - a +0 leather armour
 f - a +1 ring mail of fire resistance
 i - a +0 plate armour
 x - the +0 plate armour of Exclusion (worn) {Dex+3}
   (You found it on level 4 of the Dungeon)

   It affects your dexterity (+3).
Jewellery
 h - an uncursed ring of sustain attributes
 r - an uncursed ring of stealth
 H - the ring "Amouchof" (left hand) {Ice *Contam rPois Int+4 SInv}
   (You found it on level 7 of the Dungeon)

   [ring of ice]

   It enhances your ice magic, and weakens your fire magic.
   It affects your intelligence (+4).
   It makes you vulnerable to fire.
   It protects you from cold.
   It protects you from poison.
   It lets you see invisible.
   It causes magical contamination when unequipped.
 I - the ring of the Mage (right hand) {Wiz MR++ Int+3}
   (You found it on level 8 of the Dungeon)

   [ring of wizardry]

   It improves your spell success rate.
   It affects your intelligence (+3).
   It affects your resistance to hostile enchantments.
Wands
 a - a wand of lightning (6/15)
 j - a wand of acid (15/15)
 n - a wand of lightning (5/15)
 t - a wand of iceblast (9/15)
 G - a wand of disintegration (6/24)
Scrolls
 v - 6 scrolls of teleportation
 C - a scroll of recharging
 E - a scroll of fog
Potions
 e - a potion of haste
 m - a potion of flight
 q - 2 potions of agility
 s - 5 potions of curing
 B - a potion of magic
 D - a potion of cancellation
 J - a potion of cure mutation
 L - a potion of mutation
 M - a potion of ambrosia
Comestibles
 c - 9 bread rations
 l - 3 fruits
 z - 2 meat rations
 F - 2 royal jellies
 N - a beef jerky


   Skills:
 * Level 8.7 Fighting
 + Level 14.3 Maces & Flails
 * Level 7.9 Armour
 - Level 2.2 Dodging


You had 9 spell levels left.
You didn't know any spells.

Dungeon Overview and Level Annotations

Branches:
Dungeon (9/15)             Temple (0/1) D:4
   Lair: D:8-11         Orc: D:9-12

Altars:
Gozag
Okawaru
Pakellas
Qazlal
Sif Muna
Trog
Zin

Shops:
D:2 }


Innate Abilities, Weirdness & Mutations

You reflexively headbutt those who attack you in melee.
You have a pair of horns on your head.
You are weak. (Str -2)


Message History

The ettin hits you with a dire flail!
* * * LOW HITPOINT WARNING * * *
The ettin hits you with a dire flail.
* * * LOW HITPOINT WARNING * * *
You are very lightly contaminated with residual magic.
Okay, then.
Read which item? (? for menu, Esc to quit)
As you read the scroll of fear, it crumbles to dust.
You assume a fearsome visage.
The ettin resists with some effort.
The ettin is engulfed in roaring flames.
Drink which item? (? for menu, Esc to quit)
Okay, then.
A red film seems to cover your vision as you go berserk!
You feel yourself moving faster!
You feel mighty!
You are feeling hungry.
Unknown command.
You sock the ettin! Your headbutt misses the ettin.
The ettin is severely wounded.
The ettin hits you with a dire flail!!
You die...

...#..#...#...#...#
...##.##' ######'##
...##.# .#(.%#.).#
..<##.# .'...#...#
......# .#..$#.(.#
......##########ยง##
......#...#...#...#
...##.#...'...'.C.#
#+###.#..)#...#.@.#
#.##'##########
#........#
#........#
#<.......#
##########


You could see an ettin.

Vanquished Creatures
  A hill giant (D:9)
  Pikel (D:8)
  A deep elf mage (D:9)
  The ghost of nikopol the Poker, a novice MiBe of Trog (D:4)
  A two-headed ogre (D:9)
  Sigmund (D:3)
  A spriggan (D:7)
  Eustachio (D:5)
  A hippogriff (D:7)
  A yak (D:9)
  Duvessa (D:5)
  A water moccasin (D:8)
  A black bear (D:6)
  An orc warrior (D:7)
  An ice beast (D:5)
  A phantom (D:4)
  2 centaurs
  4 ogres
  4 giant frogs
  A water moccasin zombie (Ossuary)
  Dowan (D:5)
  A wight (D:9)
  A howler monkey (D:8)
  3 crimson imps
  A giant frog zombie (D:9)
  A hound (D:7)
  A centaur skeleton (D:7)
  2 orc priests
  A jelly (D:7)
  5 orc wizards
  Crazy Yiuf (D:3)
  6 iguanas
  Natasha (D:3)
  7 worker ants
  6 big kobold zombies (Ossuary)
  A hound zombie (D:7)
  A hound skeleton (D:8)
  2 mummies (Ossuary)
  A worker ant zombie (D:8)
  7 adders
  3 gnolls (D:6)
  2 shadow imps
  4 adder zombies
  2 oozes
  An adder skeleton (D:3)
  A dart slug (D:1)
  5 giant geckos
  22 orcs
  A ball python (D:2)
  7 giant cockroaches
  3 goblins
  7 hobgoblins
  2 jackals (D:3)
  4 quokkas
  8 bats
  5 giant newts
  A gnoll zombie (Ossuary)
  5 hobgoblin zombies (Ossuary)
  5 kobolds
  A kobold zombie (Ossuary)
  6 orc zombies (Ossuary)
  10 rats
182 creatures vanquished.

Vanquished Creatures (others)
  A hound (D:6)
1 creature vanquished.

Grand Total: 183 creatures vanquished

Notes
Turn   | Place    | Note
--------------------------------------------------------------
     0 | D:1      | Vatticson the Minotaur Berserker began the quest for the Orb.
     0 | D:1      | Reached XP level 1. HP: 19/19 MP: 0/0
   177 | D:1      | Reached XP level 2. HP: 27/27 MP: 1/1
   241 | D:1      | Reached skill level 4 in Maces & Flails
  1140 | D:2      | Reached XP level 3. HP: 25/33 MP: 2/2
  1297 | D:2      | Reached skill level 5 in Maces & Flails
  1384 | D:2      | Reached ** piety under Trog
  1557 | D:2      | Found an opulent altar of Gozag.
  1779 | D:2      | Found an oddly glowing altar of Pakellas.
  1779 | D:2      | Found Pakellas's Prime Provisions.
  2142 | D:3      | Noticed Sigmund
  2178 | D:3      | Killed Sigmund
  2178 | D:3      | Reached skill level 7 in Maces & Flails
  2178 | D:3      | Reached XP level 4. HP: 39/40 MP: 3/3
  2178 | D:3      | Reached XP level 5. HP: 45/46 MP: 4/4
  2443 | D:3      | Noticed Crazy Yiuf
  2443 | D:3      | Noticed Natasha
  2447 | D:3      | Killed Natasha
  2450 | D:3      | Killed Crazy Yiuf
  2450 | D:3      | Reached XP level 6. HP: 50/52 MP: 5/5
  2601 | D:3      | Reached skill level 8 in Maces & Flails
  2746 | D:4      | Noticed nikopol's ghost (novice MiBe)
  2767 | D:4      | Killed nikopol's ghost
  2767 | D:4      | Reached skill level 10 in Maces & Flails
  2767 | D:4      | Reached XP level 7. HP: 36/59 MP: 6/6
  2960 | D:4      | Reached *** piety under Trog
  3168 | D:4      | Reached skill level 11 in Maces & Flails
  3186 | D:4      | You fall through a shaft for 2 floors!
  3252 | D:5      | Entered Level 5 of the Dungeon
  3452 | D:5      | Noticed Eustachio
  3468 | D:5      | Killed Eustachio
  3468 | D:5      | Reached XP level 8. HP: 66/66 MP: 7/7
  3614 | D:4      | Got a bloodstained plate armour
  3625 | D:4      | Identified the cursed +0 plate armour of Exclusion {Dex+3} (You found it on level 4 of the Dungeon)
  3740 | D:4      | Reached skill level 12 in Maces & Flails
  3936 | D:4      | Found a staircase to the Ecumenical Temple.
  4022 | D:5      | Noticed Dowan
  4024 | D:5      | Noticed Duvessa
  4036 | D:5      | Killed Dowan
  4037 | D:5      | Killed Duvessa
  4484 | D:5      | Reached skill level 5 in Fighting
  4744 | D:6      | Reached **** piety under Trog
  4748 | D:6      | Found a deep blue altar of Sif Muna.
  5192 | D:6      | Found an iron altar of Okawaru.
  5603 | D:6      | Reached XP level 9. HP: 74/74 MP: 8/8
  5671 | D:6      | Found a glowing silver altar of Zin.
  5685 | D:6      | Found a stormy altar of Qazlal.
  5749 | D:6      | Reached skill level 13 in Maces & Flails
  6172 | D:7      | Reached skill level 5 in Armour
  6311 | D:7      | Got a vibrating glass ring
  6313 | D:7      | Identified the ring "Amouchof" {Ice *Contam rPois Int+4 SInv} (You found it on level 7 of the Dungeon)
  6326 | D:7      | Gained mutation: You are weak. (Str -2) [mutagenic glow]
  6944 | D:8      | Found a bloodstained altar of Trog.
  7110 | D:8      | Found a sand-covered staircase.
  7115 | D:8      | Noticed Pikel
  7120 | Ossuary  | Entered an ossuary
  7363 | Ossuary  | Reached skill level 14 in Maces & Flails
  7567 | D:8      | Killed Pikel
  7567 | D:8      | Reached XP level 10. HP: 88/88 MP: 9/9
  7700 | D:9      | Noticed a hill giant
  7713 | D:9      | Killed a hill giant
  7903 | D:9      | Noticed an ettin
  7908 | D:9      | Noticed a deep elf mage
  7915 | D:9      | Killed a deep elf mage
  8164 | D:9      | Slain by an ettin

Skill      XL: |  1  2  3  4  5  6  7  8  9 10 |
---------------+-------------------------------+-----
Fighting       | 4 5 7 8 |  8.7
Maces & Flails | 4 7 10 11 12 14 | 14.3
Armour         | 4 6 7 |  7.9
Dodging        | |  2.2

Action                   |  1- 3 |  4- 6 |  7- 9 | 10-12 || total
-------------------------+-------+-------+-------+-------++-------
Melee: Mace              |    29 |       |       |       ||    29
       Flail             |    72 |    63 |   320 |    42 ||   497
       Headbutt          |    10 |    12 |    68 |    13 ||   103
Throw: Stone             |     1 |     6 |    30 |     3 ||    40
Invok: Trog's Hand       |     1 |     1 |       |     1 ||     3
       Berserk           |     1 |       |     3 |     1 ||     5
       Burn Spellbooks   |       |       |       |     2 ||     2
       Brothers in Arms  |       |       |       |     1 ||     1
  Use: Scroll            |     8 |     1 |    16 |     4 ||    29
       Potion            |     8 |     2 |     1 |     2 ||    13
  Eat: Bread ration      |     1 |       |     1 |       ||     2
       Beef jerky        |       |     1 |     1 |       ||     2
       Meat ration       |       |     1 |     2 |       ||     3
       Fruit             |       |       |       |     1 ||     1
Armor: Animal skin       |     3 |       |       |       ||     3
       Plate armour      |    49 |    23 |   137 |    11 ||   220
       Leather armour    |     1 |       |       |       ||     1
Dodge: Dodged            |    38 |    27 |    98 |    12 ||   175
